[Event "Titled Tuesday Blitz April 18 Early 2023"]
[White "Delorme, Alban"]
[Black "Shapiro, Viktor"]
[WhiteFideId "623636"]
[BlackFideId "4175700"]
[WhiteElo "2196"]
[BlackElo "2152"]
[Result "1/2-1/2"]
[Round "01"]
[TimeControl "180+2"]
[Date "2023.04.18"]
[WhiteClock "0:00:05"]
[BlackClock "0:00:26"]

1. e4 Nf6 2. Nc3 d5 3. exd5 Nxd5 4. Bc4 Nb6 5. Bb3 c5 6. d3 Nc6 7. Nf3 Bf5 8. O-O e6 9. Re1 Be7 10. Bf4 O-O 11. h3 a5 12. a4 Rc8 13. Qe2 Bf6 14. Rab1 Nd5 15. Nxd5 exd5 16. Qd2 b6 17. Re2 Nb4 18. Rd1 c4 19. dxc4 dxc4 20. Qxd8 Rfxd8 21. Rxd8+ Rxd8 22. Bxc4 Bxc2 23. Bc7 Rd1+ 24. Kh2 g5 25. Bxb6 Bxa4 26. Bxa5 Nc6 27. Bc3 Bxc3 28. bxc3 h6 29. Rd2 Rc1 30. Rd7 Rxc3 31. Bxf7+ Kf8 32. Rc7 Rc2 33. Bd5 Ne7 34. Rxc2 Bxc2 35. Bc4 Kg7 36. g3 Kf6 37. Kg2 Be4 38. Be2 Nd5 39. Kf1 Nc3 40. Nd2 Bf5 41. Bg4 Bd3+ 42. Kg2 Bg6 43. Nb3 Ke5 44. Nc5 h5 45. Bf3 Be8 46. Nd3+ Kf6 47. Nb4 Bf7 48. Nd3 h4 49. gxh4 gxh4 50. Nf4 Kf5 51. Nd3 Kg5 52. Nc1 Bc4 53. Kh2 Kf4 54. Kg2 Ke5 55. Bh5 Kf5 56. Bg4+ Kf4 57. Bc8 Bd5+ 58. Kg1 Bf3 59. Nd3+ Ke4 60. Ne1 Be2 61. Bb7+ Kf4 62. Ng2+ Kg5 63. Ne3 Nb5 64. Kg2 Nd4 65. Be4 Bh5 66. Bd3 Kf4 67. Nf1 Bf7 68. Ne3 Be6 69. Ng4 Bxg4 70. hxg4 Kxg4 71. Be4 Kf4 72. Ba8 Kg5 73. Kh3 Ne6 74. Be4 Nf4+ 75. Kh2 Kg4 76. Bb7 Nd3 77. f3+ Kg5 78. Kh3 Nf4+ 79. Kh2 Ne6 80. Bd5 Nf4 81. Be4 Ne2 82. Ba8 Nc1 83. Bb7 Nd3 84. Be4 Nf2 85. Ba8 Kf4 86. Kg2 Nd3 87. Kh3 Kg5 88. Kg2 Nf4+ 89. Kh2 Kf6 90. Be4 Ke5 91. Ba8 Kd4 92. Be4 Ke3 93. Ba8 Kf2 94. Be4 Ne2 95. Kh3 Nf4+ 96. Kxh4 Ke3 97. Kg5 Ng2 98. Kg4 Nf4 99. Kg3 Ne2+ 100. Kg4 Nd4 101. Ba8 Nxf3 1/2-1/2


[Site "https://www.chess.com"]

[Event "Titled Tuesday Blitz April 18 Early 2023"]
[White "Hnydiuk, Aleksander"]
[Black "AKINSEYE, Akinleye"]
[WhiteFideId "1109057"]
[BlackFideId "8504458"]
[WhiteElo "2374"]
[BlackElo "1906"]
[Result "1-0"]
[Round "01"]
[TimeControl "180+2"]
[Date "2023.04.18"]
[WhiteClock "0:00:22"]
[BlackClock "0:00:13"]

1. e4 d5 2. Nf3 dxe4 3. Ng5 Nf6 4. Bc4 e6 5. Nc3 Nbd7 6. Ncxe4 Nxe4 7. Nxe4 Nf6 8. Qe2 Be7 9. d3 O-O 10. Bf4 a6 11. O-O-O b5 12. Bb3 Bb7 13. h4 Nd5 14. Bg5 a5 15. Nc5 Bc6 16. c3 a4 17. Bc2 h6 18. Bxe7 Qxe7 19. d4 b4 20. Qd3 Nf6 21. c4 b3 22. axb3 axb3 23. Bb1 g6 24. h5 Ra1 25. hxg6 fxg6 26. Rxh6 Rf7 27. Rdh1 Kf8 28. Rh8+ Ng8 29. Qxg6 Rg7 30. Nxe6+ 1-0


[Site "https://www.chess.com"]

[Event "Titled Tuesday Blitz April 18 Early 2023"]
[White "Perez Cruz, Adianet"]
[Black "Garv Gaur"]
[WhiteFideId "3510115"]
[BlackFideId "45030839"]
[WhiteElo "1976"]
[BlackElo "2068"]
[Result "0-1"]
[Round "01"]
[TimeControl "180+2"]
[Date "2023.04.18"]
[WhiteClock "0:01:40"]
[BlackClock "0:02:24"]

1. d4 Nf6 2. Bg5 d5 3. Bxf6 exf6 4. e3 Be6 5. Ne2 Bd6 6. h4 O-O 7. g3 Re8 8. Nd2 c5 9. c3 Nc6 10. Nf4 Bxf4 11. gxf4 cxd4 12. cxd4 Nxd4 13. Qa4 Qb6 14. Qxd4 Qxd4 15. exd4 Bg4+ 16. Be2 Rxe2+ 17. Kd1 Rxf2+ 18. Kc1 Rc8+ 0-1


[Site "https://www.chess.com"]

[Event "Titled Tuesday Blitz April 18 Early 2023"]
[White "Ljukin, Sergei"]
[Black "Sanchez, Robert"]
[WhiteFideId "14102200"]
[BlackFideId "2034360"]
[WhiteElo "2312"]
[BlackElo "1960"]
[Result "1-0"]
[Round "01"]
[TimeControl "180+2"]
[Date "2023.04.18"]
[WhiteClock "0:01:46"]
[BlackClock "0:01:45"]

1. e4 d5 2. exd5 Qxd5 3. Nc3 Qe6+ 4. Be2 Qg6 5. Nf3 Qxg2 6. Rg1 Qh3 7. d4 c6 8. d5 Qd7 9. Bf4 Nf6 10. dxc6 Qxd1+ 11. Rxd1 bxc6 12. Ne5 e6 13. Bf3 Nd5 14. Nxd5 exd5 15. c4 Bb4+ 16. Ke2 f6 17. Nd3 Ba5 18. cxd5 Bb7 19. Nc5 Bc8 20. dxc6 O-O 21. c7 Re8+ 22. Be3 Na6 23. Bxa8 Nxc5 24. Bc6 Rf8 1-0


[Site "https://www.chess.com"]

[Event "Titled Tuesday Blitz April 18 Early 2023"]
[White "Semenova, Alina"]
[Black "Taichman, Ori"]
[WhiteFideId "24113875"]
[BlackFideId "2804069"]
[WhiteElo "1833"]
[BlackElo "2237"]
[Result "0-1"]
[Round "01"]
[TimeControl "180+2"]
[Date "2023.04.18"]
[WhiteClock "0:00:02"]
[BlackClock "0:01:56"]

1. e4 c5 2. Nf3 Nc6 3. d4 cxd4 4. Nxd4 d5 5. Nxc6 bxc6 6. exd5 Qxd5 7. Qxd5 cxd5 8. Bd3 Nf6 9. O-O e6 10. Bg5 Be7 11. Nd2 Rb8 12. Rab1 Nd7 13. Bxe7 Kxe7 14. Rfe1 Nc5 15. Bf1 Na4 16. b4 Bd7 17. a3 Nc3 18. Rb3 Rhc8 19. Re3 d4 20. Re1 Ba4 21. Rb2 Nb5 22. Bxb5 Rxb5 23. Nf3 Rd5 24. Rd1 d3 25. c4 Bxd1 26. cxd5 Rc1 27. Ne1 Be2 0-1


[Site "https://www.chess.com"]

[Event "Titled Tuesday Blitz April 18 Early 2023"]
[White "Omelja, Artem"]
[Black "Butolo, Alexandru-Mircea"]
[WhiteFideId "14119846"]
[BlackFideId "1261649"]
[WhiteElo "2404"]
[BlackElo "1861"]
[Result "1-0"]
[Round "01"]
[TimeControl "180+2"]
[Date "2023.04.18"]
[WhiteClock "0:00:10"]
[BlackClock "0:00:01"]

1. d4 Nf6 2. c4 e6 3. Nf3 Bb4+ 4. Bd2 Qe7 5. a3 Bxd2+ 6. Qxd2 d5 7. Nc3 O-O 8. e3 Rd8 9. Qc2 b6 10. Ne5 Bb7 11. Be2 Nbd7 12. Nxd7 Qxd7 13. Bf3 c5 14. dxc5 bxc5 15. cxd5 exd5 16. O-O d4 17. Bxb7 Qxb7 18. Na4 dxe3 19. fxe3 Qe7 20. Qxc5 Qe8 21. Nc3 a6 22. Rad1 Rac8 23. Qg5 h6 24. Qf4 Qe6 25. h3 Rxd1 26. Rxd1 Re8 27. Rd6 Qxe3+ 28. Qxe3 Rxe3 29. Rxa6 Re1+ 30. Kf2 Re5 31. Ra8+ Kh7 32. a4 Rf5+ 33. Kg1 Nd7 34. a5 Nc5 35. b4 Nd3 36. b5 1-0


[Site "https://www.chess.com"]

[Event "Titled Tuesday Blitz April 18 Early 2023"]
[White "Skvortsov, Andrei"]
[Black "Nakamura, Hikaru"]
[WhiteFideId "24108600"]
[BlackFideId "2016192"]
[WhiteElo "2259"]
[BlackElo "2885"]
[Result "0-1"]
[Round "02"]
[TimeControl "180+2"]
[Date "2023.04.18"]
[WhiteClock "0:00:03"]
[BlackClock "0:00:09"]

1. e4 g6 2. d4 Bg7 3. g3 c5 4. Nf3 cxd4 5. Nxd4 Nc6 6. Ne2 b6 7. Bg2 Ba6 8. a4 Nf6 9. O-O Rc8 10. Nbc3 Nb4 11. h3 d6 12. Re1 O-O 13. Be3 Nd7 14. Nd4 Bb7 15. a5 bxa5 16. Qd2 Nb6 17. b3 d5 18. Rxa5 e5 19. Bg5 Nc4 20. bxc4 Qxa5 21. Nb3 Qa6 22. Nxd5 Bxd5 23. exd5 Qxc4 24. Bf1 Qc3 25. Qxc3 Rxc3 26. Bd2 Nxd5 27. Bxc3 Nxc3 28. Ra1 Ra8 29. Ra5 e4 30. Rc5 Rd8 31. Bc4 e3 32. fxe3 Bh6 33. Rc7 Bxe3+ 34. Kg2 Rf8 35. Re7 Bb6 36. Bd3 Nd5 37. Rb7 Rd8 38. Kf3 Re8 39. Bc4 Re3+ 40. Kg2 Re5 41. Bd3 Nb4 42. Bc4 Nxc2 43. Rxf7 Ne3+ 44. Kf3 Nxc4 0-1


[Site "https://www.chess.com"]

[Event "Titled Tuesday Blitz April 18 Early 2023"]
[White "Naroditsky, Daniel"]
[Black "Aaditya Dhingra"]
[WhiteFideId "2026961"]
[BlackFideId "25678191"]
[WhiteElo "2633"]
[BlackElo "2083"]
[Result "1/2-1/2"]
[Round "02"]
[TimeControl "180+2"]
[Date "2023.04.18"]
[WhiteClock "0:00:14"]
[BlackClock "0:01:02"]

1. d4 Nf6 2. Nc3 d5 3. Bf4 c5 4. e4 dxe4 5. dxc5 Qa5 6. Qd2 a6 7. O-O-O Nc6 8. f3 e6 9. Bd6 Bxd6 10. Qxd6 Bd7 11. fxe4 O-O-O 12. Qg3 Qxc5 13. Nf3 Nh5 14. Qh4 Ne5 15. Nxe5 Qxe5 16. Be2 Qf4+ 17. Qxf4 Nxf4 18. Bf3 Bc6 19. Rxd8+ Rxd8 20. Rf1 Rd7 21. g3 Ng6 22. Be2 Ne5 23. h4 Kd8 24. Rf4 Ke7 25. Nd1 Rd4 26. Nf2 Ng6 27. Rg4 Kf8 28. c3 Ra4 29. a3 Ne5 30. Rf4 Ng6 31. Rg4 Ne5 32. Rf4 g6 33. Bd1 Ra5 34. Bc2 Rc5 35. Nd3 Nxd3+ 36. Bxd3 Re5 37. Kd2 Ke7 38. Ke3 f5 39. Kd4 Ra5 40. Ke3 Re5 41. Kd4 Ra5 42. Ke3 Re5 1/2-1/2


[Site "https://www.chess.com"]

[Event "Titled Tuesday Blitz April 18 Early 2023"]
[White "Caruana, Fabiano"]
[Black "Skliarov, Viktor"]
[WhiteFideId "2020009"]
[BlackFideId "14106736"]
[WhiteElo "2837"]
[BlackElo "2317"]
[Result "1-0"]
[Round "02"]
[TimeControl "180+2"]
[Date "2023.04.18"]
[WhiteClock "0:02:30"]
[BlackClock "0:00:51"]

1. c4 e5 2. Nc3 Bb4 3. g3 Bxc3 4. bxc3 d6 5. Bg2 Nf6 6. e4 O-O 7. Ne2 a6 8. a4 c6 9. O-O Be6 10. d3 d5 11. exd5 cxd5 12. c5 Nc6 13. d4 Qd7 14. Rb1 Rab8 15. dxe5 Nxe5 16. Bf4 Qc7 17. Nd4 Nfd7 18. Re1 Rfe8 19. Qh5 f6 20. Nxe6 Rxe6 21. Bxd5 1-0


[Site "https://www.chess.com"]

[Event "Titled Tuesday Blitz April 18 Early 2023"]
[White "Perez Gormaz, Matias"]
[Black "So, Wesley"]
[WhiteFideId "3406342"]
[BlackFideId "5202213"]
[WhiteElo "2362"]
[BlackElo "2749"]
[Result "0-1"]
[Round "02"]
[TimeControl "180+2"]
[Date "2023.04.18"]
[WhiteClock "0:00:02"]
[BlackClock "0:01:20"]

1. e4 c5 2. Nf3 d6 3. Bc4 Nf6 4. d3 e6 5. c3 Be7 6. Bb3 O-O 7. O-O Nc6 8. Re1 d5 9. e5 Nd7 10. d4 b5 11. Nbd2 a5 12. Bc2 b4 13. Nf1 Ba6 14. Ng3 Rc8 15. a3 Re8 16. Bf4 bxc3 17. bxc3 Qc7 18. Ng5 Nf8 19. Qh5 Bxg5 20. Qxg5 Ng6 21. Be3 cxd4 22. cxd4 Ncxe5 23. Ba4 h6 24. Qh5 Nd3 25. Bxe8 Nxe1 26. Rc1 Qxc1 27. Bxc1 Rxc1 28. Nf1 Nf3+ 29. gxf3 Rxf1+ 30. Kg2 Nf4+ 0-1


[Site "https://www.chess.com"]

[Event "Titled Tuesday Blitz April 18 Early 2023"]
[White "Bluebaum, Matthias"]
[Black "Brunner, Nicolas"]
[WhiteFideId "24651516"]
[BlackFideId "620246"]
[WhiteElo "2638"]
[BlackElo "2327"]
[Result "0-1"]
[Round "02"]
[TimeControl "180+2"]
[Date "2023.04.18"]
[WhiteClock "0:00:18"]
[BlackClock "0:00:14"]

1. d4 d5 2. c4 e6 3. Nc3 Nf6 4. cxd5 exd5 5. Bf4 c6 6. e3 Bd6 7. Bxd6 Qxd6 8. Bd3 O-O 9. Nge2 Nbd7 10. Qd2 Re8 11. f3 c5 12. O-O-O c4 13. Bc2 Rb8 14. e4 dxe4 15. fxe4 Qc6 16. e5 Nd5 17. Nxd5 Qxd5 18. Nf4 Qb5 19. Nh5 Nf8 20. Nf6+ gxf6 21. exf6 Qh5 22. g4 Qh4 23. Qf4 Bd7 24. d5 Ng6 25. Qc7 Bxg4 26. Rdg1 Bf3 27. Bxg6 Qh6+ 28. Kb1 hxg6 29. d6 Bxh1 30. d7 Be4+ 31. Ka1 Red8 32. Rd1 Bd3 33. a3 Qg5 34. Qd6 b5 35. Re1 Bf5 36. Qe5 Qh6 37. Rd1 Bxd7 38. Qe7 Qf8 39. Qe3 Bf5 40. Rf1 Re8 41. Qg3 b4 42. Rxf5 bxa3 43. Rg5 axb2+ 44. Kb1 Qh6 45. h4 c3 46. Qxc3 Qxh4 47. Rg1 Qe4+ 48. Qc2 Qxc2+ 49. Kxc2 b1=Q+ 50. Rxb1 Re2+ 51. Kd3 Rxb1 52. Kd4 Rb6 53. Kc5 Rxf6 54. Kd5 g5 55. Kc4 Rd6 56. Kb5 Rc2 57. Kb4 Rb6+ 58. Ka5 Ra2# 0-1


[Site "https://www.chess.com"]

[Event "Titled Tuesday Blitz April 18 Early 2023"]
[White "Jain Kashish Manoj"]
[Black "Le, Tuan Minh"]
[WhiteFideId "35081098"]
[BlackFideId "12401153"]
[WhiteElo "2191"]
[BlackElo "2566"]
[Result "0-1"]
[Round "02"]
[TimeControl "180+2"]
[Date "2023.04.18"]
[WhiteClock "0:00:02"]
[BlackClock "0:02:13"]

1. e4 c5 2. Nf3 Nf6 3. e5 Nd5 4. Nc3 e6 5. Nxd5 exd5 6. d4 Nc6 7. dxc5 Bxc5 8. Qxd5 d6 9. Be2 Be6 10. Qe4 dxe5 11. Nxe5 Nxe5 12. Qxe5 Qa5+ 13. Kf1 O-O 14. Be3 b6 15. Bxc5 bxc5 16. h4 Rfe8 17. Qc3 Qb6 18. Bf3 Rad8 19. g3 Rd4 20. Kg2 Rc4 21. Qb3 Rb4 22. Qc3 Rxb2 23. Rhe1 h6 24. a4 a5 25. Qe3 Rxc2 26. Rab1 Bh3+ 27. Kxh3 Rxe3 28. Rxb6 Rxe1 0-1


[Site "https://www.chess.com"]

[Event "Titled Tuesday Blitz April 18 Early 2023"]
[White "Andreikin, Dmitry"]
[Black "Mendez Fortes, Eduardo Jesus"]
[WhiteFideId "4158814"]
[BlackFideId "3502376"]
[WhiteElo "2736"]
[BlackElo "2307"]
[Result "1-0"]
[Round "02"]
[TimeControl "180+2"]
[Date "2023.04.18"]
[WhiteClock "0:00:11"]
[BlackClock "0:00:02"]

1. d4 Nf6 2. c4 e6 3. Nf3 d5 4. Bg5 Bb4+ 5. Nc3 dxc4 6. e4 c5 7. Bxc4 cxd4 8. Nxd4 Qa5 9. Bd2 Qc5 10. Bb5+ Bd7 11. Nb3 Qe5 12. Bd3 Bc6 13. O-O Nbd7 14. f4 Qc7 15. e5 Nd5 16. Ne4 Qb6+ 17. Kh1 Ne3 18. Bxe3 Qxe3 19. Rf3 Qb6 20. a3 Be7 21. Nbd2 Nc5 22. Nc4 Qc7 23. Ncd6+ Bxd6 24. Nxd6+ Kf8 25. Rg3 h5 26. Rg5 Nxd3 27. Qxd3 Bd5 28. h4 Qb6 29. Rc1 Qf2 30. Rc7 Qxh4+ 31. Kg1 Qe1+ 32. Qf1 Qe3+ 33. Qf2 Qxf2+ 34. Kxf2 Rh7 35. Rxf7+ Kg8 36. Rg6 Rf8 37. Rff6 h4 38. f5 h3 39. gxh3 Rxh3 40. fxe6 Rh2+ 41. Ke3 1-0


[Site "https://www.chess.com"]

[Event "Titled Tuesday Blitz April 18 Early 2023"]
[White "Karthik Rajaa"]
[Black "Korobov, Anton"]
[WhiteFideId "25035215"]
[BlackFideId "14105730"]
[WhiteElo "2215"]
[BlackElo "2638"]
[Result "0-1"]
[Round "02"]
[TimeControl "180+2"]
[Date "2023.04.18"]
[WhiteClock "0:00:19"]
[BlackClock "0:01:09"]

1. e4 c5 2. Nf3 d6 3. Bb5+ Nd7 4. O-O a6 5. Bd3 Ngf6 6. c3 b5 7. Bc2 Bb7 8. Re1 e6 9. d3 Be7 10. Nbd2 O-O 11. Nf1 a5 12. a4 b4 13. Ne3 Qc7 14. Nc4 d5 15. exd5 Nxd5 16. Bd2 Bf6 17. Ne3 Nxe3 18. Rxe3 Nb6 19. Bb3 Rfd8 20. Rc1 Qd6 21. Qc2 c4 22. dxc4 Bxf3 23. Be1 Bh5 24. cxb4 Bg6 25. Qe2 axb4 26. c5 Qc7 27. Bxb4 Nxa4 28. Ba3 Bd4 29. Rg3 Nxc5 30. Bxc5 Bxc5 31. Rgc3 Qb6 32. Qf3 Bf8 0-1


[Site "https://www.chess.com"]

[Event "Titled Tuesday Blitz April 18 Early 2023"]
[White "Lazavik, Denis"]
[Black "Sieciechowicz, Marcin"]
[WhiteFideId "13515110"]
[BlackFideId "1130170"]
[WhiteElo "2560"]
[BlackElo "2302"]
[Result "1-0"]
[Round "02"]
[TimeControl "180+2"]
[Date "2023.04.18"]
[WhiteClock "0:00:24"]
[BlackClock "0:00:02"]

1. d4 d5 2. c4 c6 3. Nf3 Nf6 4. e3 Bf5 5. Nc3 e6 6. Nh4 Bg6 7. Be2 Nbd7 8. O-O Bd6 9. g3 Rc8 10. Bd2 O-O 11. Nxg6 hxg6 12. Rc1 dxc4 13. Bxc4 e5 14. dxe5 Nxe5 15. Be2 Qe7 16. Qc2 Rfd8 17. Rfd1 Bb4 18. Be1 Rxd1 19. Rxd1 Rd8 20. a3 Rxd1 21. Qxd1 Bxc3 22. Bxc3 Ne4 23. Be1 Qd6 24. Qxd6 Nxd6 25. Bc3 f6 26. h4 Kf7 27. f3 c5 28. Kf2 Ke6 29. e4 Nc6 30. Ke3 b5 31. f4 a5 32. g4 c4 33. e5 fxe5 34. fxe5 Nxe5 35. Bxa5 Ne8 36. Kd4 Nf6 37. Kc5 Nd3+ 38. Kxb5 Nxb2 39. g5 Ne4 40. Bxc4+ Nxc4 41. Kxc4 Kf5 42. Bb4 1-0


[Site "https://www.chess.com"]

[Event "Titled Tuesday Blitz April 18 Early 2023"]
[White "Tang, Andrew"]
[Black "Lewtak, Damian"]
[WhiteFideId "2059630"]
[BlackFideId "1141724"]
[WhiteElo "2596"]
[BlackElo "2302"]
[Result "1-0"]
[Round "02"]
[TimeControl "180+2"]
[Date "2023.04.18"]
[WhiteClock "0:00:03"]
[BlackClock "0:00:02"]

1. d4 d5 2. Bf4 Nf6 3. e3 e6 4. Nf3 Bd6 5. Nbd2 Bxf4 6. exf4 b6 7. c3 O-O 8. h4 Ba6 9. Bxa6 Nxa6 10. h5 h6 11. Ne5 Nd7 12. g4 Nxe5 13. fxe5 f6 14. Nf3 c5 15. Qe2 Nc7 16. O-O-O cxd4 17. cxd4 Qd7 18. Kb1 Qb5 19. Qe3 Rf7 20. exf6 Rxf6 21. g5 hxg5 22. Rhg1 Rf5 23. Nxg5 Rf6 24. Rg2 Raf8 25. Rdg1 Kh8 26. h6 Rxh6 27. Nf3 Rh7 28. Ne5 Kg8 29. Qg5 Qe8 30. Qg3 Rf6 31. a3 Qe7 32. Ng6 Qf7 33. Qd6 Ne8 34. Qd8 Rh6 35. Ne5 Qf8 36. Qd7 Rh7 37. Rg3 Rxf2 38. Ng6 Rf1+ 39. Ka2 Qf7 40. Rxf1 1-0


[Site "https://www.chess.com"]

[Event "Titled Tuesday Blitz April 18 Early 2023"]
[White "Tregubov, Pavel V."]
[Black "Bryant, John Daniel"]
[WhiteFideId "4115341"]
[BlackFideId "2031280"]
[WhiteElo "2425"]
[BlackElo "2455"]
[Result "0-1"]
[Round "02"]
[TimeControl "180+2"]
[Date "2023.04.18"]
[WhiteClock "0:00:01"]
[BlackClock "0:00:01"]

1. e4 e5 2. Nf3 Nc6 3. Bb5 Nf6 4. d4 exd4 5. O-O a6 6. Ba4 b5 7. Bb3 d6 8. Ng5 Ne5 9. f4 Nc4 10. Bxc4 bxc4 11. Qxd4 h6 12. Nf3 d5 13. exd5 Qxd5 14. Re1+ Be7 15. Nc3 Qxd4+ 16. Nxd4 Bd7 17. b3 c5 18. Ba3 Kd8 19. Nf3 Be6 20. Rad1+ Ke8 21. f5 Bxf5 22. Bxc5 Be6 23. Bxe7 Kxe7 24. Nd4 Rhc8 25. b4 Rab8 26. a3 a5 27. b5 a4 28. Nc6+ Rxc6 29. bxc6 Rc8 30. Nb5 Rxc6 31. Nd4 Rb6 32. Nf5+ Ke8 33. Nxg7+ Kf8 34. Nxe6+ fxe6 35. Rd4 Rc6 36. Rh4 h5 37. h3 Ke7 38. Rd4 Rc5 39. Kh2 Nd5 40. Ree4 Nb6 41. c3 Rb5 42. Rd2 Rb3 43. Rde2 Kd7 44. Rxe6 Nd5 45. Rh6 Rxc3 46. Rxh5 Rd3 47. Rf2 c3 48. Rf7+ Ke6 49. Rf8 c2 50. Rh6+ Ke7 0-1


[Site "https://www.chess.com"]

[Event "Titled Tuesday Blitz April 18 Early 2023"]
[White "Hakobyan, Aram"]
[Black "Bodi, Tibor"]
[WhiteFideId "13306677"]
[BlackFideId "701084"]
[WhiteElo "2584"]
[BlackElo "2187"]
[Result "0-1"]
[Round "02"]
[TimeControl "180+2"]
[Date "2023.04.18"]
[WhiteClock "0:00:10"]
[BlackClock "0:00:10"]

1. d4 Nf6 2. c4 d6 3. Nc3 Nbd7 4. Nf3 e5 5. Bg5 Be7 6. e3 O-O 7. Bd3 h6 8. Bxf6 Bxf6 9. O-O Re8 10. h3 c6 11. Ne4 Be7 12. Ng3 Bf8 13. Qc2 Nf6 14. Rfd1 Qc7 15. Rac1 exd4 16. exd4 d5 17. c5 Qf4 18. Re1 Bxh3 19. Qd2 Qxd2 20. Nxd2 Be6 21. Nb3 a5 22. a4 g6 23. f3 Bg7 24. Ne2 h5 25. Kf2 Nd7 26. Rc2 Bh6 27. g3 Nf6 28. Nc3 Bh3 29. Re5 Nd7 30. Rxe8+ Rxe8 31. Re2 Ra8 32. f4 Bg4 33. Re1 Kf8 34. Be2 Bf5 35. Nd1 Bg7 36. Ne3 Be4 37. Bf3 f5 38. Bxe4 dxe4 39. Nc4 Nf6 40. Ke2 Nd5 41. Rd1 h4 42. Kf2 hxg3+ 43. Kxg3 Bh6 44. Rh1 Bxf4+ 45. Kg2 Kg7 46. Nbxa5 Ne3+ 47. Nxe3 Rxa5 48. Nc4 Rxa4 49. Nb6 Rxd4 50. Rf1 Rd2+ 51. Kh1 Be5 52. Nc4 Rd5 53. b4 Kf6 54. Ne3 Rd3 55. Nc4 Ke6 56. Rg1 Rh3+ 57. Kg2 Rg3+ 58. Kf2 Rxg1 59. Kxg1 Bc3 60. Na5 Bxb4 61. Nxb7 Kd5 62. Kf2 Bxc5+ 63. Kg3 Bd6+ 64. Kh4 e3 0-1


[Site "https://www.chess.com"]

[Event "Titled Tuesday Blitz April 18 Early 2023"]
[White "Hua, Lefong"]
[Black "Sadhwani, Raunak"]
[WhiteFideId "2602253"]
[BlackFideId "35093487"]
[WhiteElo "2629"]
[BlackElo "2631"]
[Result "1/2-1/2"]
[Round "02"]
[TimeControl "180+2"]
[Date "2023.04.18"]
[WhiteClock "0:00:17"]
[BlackClock "0:00:04"]

1. d4 g6 2. c4 d6 3. e4 Bg7 4. f4 c5 5. d5 e6 6. Nf3 exd5 7. cxd5 Nf6 8. Nc3 O-O 9. Be2 b5 10. e5 dxe5 11. fxe5 Ng4 12. Bg5 Qb6 13. O-O c4+ 14. Kh1 Nxe5 15. Be7 Re8 16. d6 Ng4 17. Nd5 Nf2+ 18. Rxf2 Qxf2 19. Nc7 Bd7 20. Nxa8 Bxb2 21. Rb1 Bg7 22. Nc7 Rc8 23. Bh4 Qc5 24. Nd5 c3 25. Ne7+ Kh8 26. Rc1 Rf8 27. Qd5 Qe3 28. Rc2 Na6 29. Bg5 Qc5 30. Qxc5 Nxc5 31. Be3 Ne4 32. Bd3 Nxd6 33. Bd4 Bxd4 34. Nxd4 b4 35. Nec6 Re8 36. h3 Re3 37. Ba6 Re1+ 38. Kh2 Rd1 39. Be2 Rd2 40. Rxd2 cxd2 41. Nxb4 Ba4 42. Nb3 Ne4 43. Kg1 Nc3 44. Bf3 d1=Q+ 45. Bxd1 Nxd1 46. Nc5 Bb5 47. a4 Be8 48. a5 Nb2 49. Kf2 Nc4 50. a6 Bb5 51. Kf3 Kg7 52. Ke4 Nb6 53. Ke5 Bf1 54. Kd6 Bxg2 55. Kc7 Bxh3 56. Kb8 Nc8 57. Nc6 Nd6 58. Kxa7 Bf1 59. Kb6 Bxa6 60. Nxa6 h5 61. Kc5 Nf5 62. Kd5 h4 63. Ke4 h3 64. Kf3 g5 65. Ne5 f6 66. Ng4 Kg6 67. Nc5 Kh5 68. Nxf6+ Kh4 69. Kf2 g4 70. Nce4 g3+ 71. Nxg3 Nxg3 72. Kg1 Ne2+ 73. Kh2 Nd4 74. Ne4 Nf3+ 75. Kh1 Kg4 76. Nf2+ Kg3 77. Nxh3 1/2-1/2


[Site "https://www.chess.com"]

[Event "Titled Tuesday Blitz April 18 Early 2023"]
[White "Poliakova, Varvara"]
[Black "Kollars, Dmitrij"]
[WhiteFideId "13518313"]
[BlackFideId "12909572"]
[WhiteElo "2075"]
[BlackElo "2584"]
[Result "1-0"]
[Round "02"]
[TimeControl "180+2"]
[Date "2023.04.18"]
[WhiteClock "0:01:21"]
[BlackClock "0:00:01"]

1. e4 e5 2. Nf3 Nc6 3. Bc4 Nf6 4. d3 Be7 5. c3 O-O 6. Bb3 d5 7. Nbd2 Be6 8. O-O Qd7 9. Re1 dxe4 10. dxe4 Rfd8 11. Bc2 a5 12. a4 Bc5 13. Qe2 Nh5 14. Nxe5 Nxe5 15. Qxh5 Qd6 16. Nb3 Bxb3 17. Bxb3 Nd3 18. Be3 g6 19. Qf3 Nxe1 20. Qxf7+ Kh8 21. Bxc5 Qc6 22. Be7 Rd6 23. Rxe1 Qb6 24. Bxd6 Qxd6 25. e5 Qb6 26. Qf6+ Qxf6 27. exf6 Rf8 28. f7 Kg7 29. Re7 Rd8 30. h4 Rd2 31. Re8 1-0


[Site "https://www.chess.com"]

[Event "Titled Tuesday Blitz April 18 Early 2023"]
[White "Sargsyan, Shant"]
[Black "Seemann, Jakub"]
[WhiteFideId "13306766"]
[BlackFideId "21874697"]
[WhiteElo "2628"]
[BlackElo "2364"]
[Result "1/2-1/2"]
[Round "02"]
[TimeControl "180+2"]
[Date "2023.04.18"]
[WhiteClock "0:00:04"]
[BlackClock "0:00:03"]

1. g3 Nf6 2. Nf3 d5 3. Bg2 g6 4. b3 Bg7 5. Bb2 O-O 6. c4 c6 7. O-O a5 8. d3 a4 9. cxd5 cxd5 10. bxa4 Nc6 11. Nc3 Qa5 12. Qb3 e6 13. Rfc1 Nd7 14. Nb5 Qxa4 15. Bxg7 Kxg7 16. Qb2+ Kg8 17. h4 h5 18. Ng5 Nde5 19. Nd6 Bd7 20. Rab1 Qxa2 21. Qxa2 Rxa2 22. Rxb7 Nd4 23. Bf1 f6 24. Nh3 Ra6 25. f4 Rxd6 26. fxe5 fxe5 27. Rcc7 Rf7 28. Ng5 Re7 29. e3 Nf5 30. Kf2 Kf8 31. Nf3 e4 32. Ne5 Be8 33. Rxe7 Nxe7 34. Rb8 Nc6 35. Nxg6+ Kf7 36. Ra8 Kxg6 37. Rxe8 Ne5 38. dxe4 dxe4 39. Be2 Rb6 40. Rg8+ Kf6 41. Bxh5 Rb2+ 42. Kf1 Nc4 43. Kg1 Nxe3 44. g4 Ke5 45. Rf8 Nd5 46. Rf2 Rb1+ 47. Kh2 e3 48. Ra2 Kf4 49. g5 Nc3 50. Rg2 e5 51. g6 Rb8 52. g7 Rg8 53. Bf7 e2 54. Bxg8 e1=Q 55. Bc4 Qxh4+ 56. Kg1 Qe1+ 57. Kh2 Qh4+ 58. Kg1 Qe1+ 59. Bf1 Qe3+ 60. Kh2 Ne4 61. g8=Q Qe1 62. Qg4+ Ke3 63. Rd2 Qxd2+ 64. Qg2 Qf2 65. Qxf2+ Kxf2 66. Bd3 Ng5 67. Bg6 Kf3 68. Kg1 Ke2 69. Kg2 Ne6 70. Kg3 Nf4 71. Bh7 Ke3 72. Kg4 Kd4 73. Kf5 Nd5 74. Ke6 Nf4+ 75. Kd6 Nd3 76. Bxd3 e4 77. Bxe4 1/2-1/2


[Site "https://www.chess.com"]

[Event "Titled Tuesday Blitz April 18 Early 2023"]
[White "Lamaze, Simon"]
[Black "Svane, Frederik"]
[WhiteFideId "36069264"]
[BlackFideId "12923044"]
[WhiteElo "2272"]
[BlackElo "2502"]
[Result "0-1"]
[Round "02"]
[TimeControl "180+2"]
[Date "2023.04.18"]
[WhiteClock "0:00:16"]
[BlackClock "0:00:06"]

1. e4 c5 2. Nf3 e6 3. d4 cxd4 4. Nxd4 Nc6 5. Nc3 a6 6. Be3 Nf6 7. Qd2 Bb4 8. f3 d5 9. Nxc6 bxc6 10. a3 Be7 11. Na4 Rb8 12. b4 dxe4 13. Qxd8+ Bxd8 14. Nc5 Nd5 15. Bd4 exf3 16. gxf3 O-O 17. Bxa6 e5 18. Bxc8 Rxc8 19. Bf2 Re8 20. c4 Nf4 21. O-O-O Be7 22. Kc2 f5 23. Rhe1 Bf8 24. Nd7 e4 25. fxe4 fxe4 26. Nxf8 Kxf8 27. Rd6 Nd3 28. Rf1 Kg8 29. Bd4 c5 30. bxc5 Nxc5 31. Bxc5 Rxc5 32. Kc3 e3 33. Kd4 Rh5 34. Re1 e2 35. c5 Rxh2 36. c6 Kf7 37. c7 Rc8 38. Rd7+ Ke6 39. Rxg7 Kd6 40. Kd3 Rh3+ 41. Ke4 Re8+ 42. Kf4 Rc3 43. Rxh7 Rxa3 44. Rc1 Rc8 45. Rh6+ Kd7 46. Rh7+ Kd6 47. Rh6+ Kd5 48. Rh4 Ra4+ 49. Kg3 Rxh4 50. Kxh4 Rxc7 51. Re1 Rc2 52. Kg3 Ke4 53. Kf2 Kd3 54. Kf3 Ra2 55. Kf2 Rb2 56. Kf3 Rb7 57. Kf2 Rf7+ 0-1


[Site "https://www.chess.com"]